 Dungeon Crawl Stone Soup version 0.24.0-2-g5b39cebb1c (webtiles) character file.

Game seed: 14789850694471471188, levelgen mode: deterministic

39981 Chiseanne the Thaumaturge (level 13, -10/95 (96) HPs)
             Began as a Demonspawn Wizard on Oct 31, 2019.
             Was an Initiate of Gozag.
             Mangled by an ogre
             ... wielding a +0 giant club
              (15 damage)
             ... on level 11 of the Dungeon.
             The game lasted 01:24:27 (26890 turns).

Chiseanne the Thaumaturge (Demonspawn Wizard)      Turns: 26890, Time: 01:24:28

HP:   -10/95 (96)   AC: 14    Str:  9    XL:     13   Next: 72%
MP:   25/28         EV: 14    Int: 27    God:    Gozag
Gold: 819           SH:  8    Dex: 11    Spells: 18/35 levels left

rFire    + + .     SeeInvis .   a - +6 scimitar (flame)
rCold    + + .     Gourm    .   O - +3 buckler {rC+ rF+}
rNeg     . . .     Faith    .   h - +3 leather armour {rC+}
rPois    +         Spirit   .   (helmet unavailable)
rElec    .         Reflect  .   B - scarf {cloud immunity}
rCorr    +         Harm     .   R - +0 pair of gloves of Music {rPois Regen+ rCorr Int+3} (curse)
MR       .....                  j - +2 pair of boots
Stlth    +.........             e - amulet of magic regeneration
HPRegen  0.65/turn              M - ring of poison resistance
MPRegen  0.46/turn              H - +1 ring of protection (curse)

@: no status effects
A: horns 3, yellow scales 1, fire resistance 1, powered by pain 3
a: Potion Petition, Call Merchant, Bribe Branch, Renounce Religion


You were on level 11 of the Dungeon.
You worshipped Gozag.
Gozag was pleased with you.
You were not hungry.

You visited 4 branches of the dungeon, and saw 21 of its levels.
You also visited: Sewer.

You collected 7839 gold pieces.
You spent 2783 gold pieces at shops.
You paid 4237 gold pieces to Gozag.

Inventory:

Hand Weapons
 a - a +6 scimitar of flaming (weapon)
 s - a +1 club {** Badass ugly stick **}
 u - a +0 flail of protection
 I - a +2 broad axe of flaming
 L - a +0 dagger of venom
Missiles
 c - 22 boomerangs
 o - 438 stones
 q - 7 curare-tipped darts
 y - 112 bolts
 z - 139 sling bullets
 A - 4 throwing nets (quivered)
 D - 6 javelins
 G - 48 poisoned darts
 N - 7 silver javelins
Armour
 h - a +3 leather armour of cold resistance (worn)
 j - a +2 pair of boots (worn)
 B - a scarf of cloud immunity (worn)
 O - a +3 buckler of resistance (worn)
 R - the cursed +0 pair of gloves of Music (worn) {rPois Regen+ rCorr Int+3}
   (You bought it in a shop on level 9 of the Dungeon)

   It affects your intelligence (+3).
   It protects you from poison.
   It increases your rate of regeneration.
   It provides partial protection from all sources of acid and corrosion.
   It has a curse placed upon it.
Jewellery
 e - an amulet of magic regeneration (around neck)
 H - a cursed +1 ring of protection (right hand)
 M - a ring of poison resistance (left hand)
Wands
 f - a wand of disintegration (11)
 C - a wand of polymorph (21)
 E - a wand of flame (31)
 K - a wand of digging (4)
Scrolls
 b - 2 scrolls of blinking
 i - 4 scrolls of immolation
 l - 8 scrolls of remove curse
 t - 14 scrolls of teleportation
 v - a scroll of magic mapping
 J - 6 scrolls of amnesia
 P - 3 scrolls of fog
 Q - 7 scrolls of identify
Potions
 g - 2 potions of haste
 k - 6 potions of heal wounds
 n - a potion of cancellation
 p - 13 potions of curing
 r - 3 potions of mutation
 w - 4 potions of flight
 x - 2 potions of brilliance
 S - a potion of might
Comestibles
 d - 13 rations


   Skills:
 * Level 7.5 Fighting
 - Level 5.0 Armour
 * Level 7.0 Dodging
 - Level 1.7 Stealth
 * Level 6.7 Shields
 * Level 11.6 Spellcasting
 - Level 8.0 Conjurations
 - Level 5.0 Summonings
 - Level 5.0 Translocations
 - Level 5.0 Fire Magic
 - Level 5.0 Ice Magic
 - Level 6.9 Air Magic


You had 18 spell levels left.
You knew the following spells:

 Your Spells              Type           Power        Failure   Level  Hunger
a - Magic Dart            Conj           ####         1%          1    None
b - Summon Ice Beast      Ice/Summ       #####...     6%          4    None
c - Conjure Flame         Conj/Fire      ######..     1%          3    None
d - Mephitic Cloud        Conj/Pois/Air  #####...     1%          3    None
e - Throw Icicle          Conj/Ice       ######..     3%          4    None
f - Blink                 Tloc           N/A          1%          2    None

Your spell library contained the following spells:

 Spells                   Type           Power        Failure   Level  Hunger
 Freeze                   Ice            ####         1%          1    None
 Call Imp                 Summ           #####...     1%          2    None
 Searing Ray              Conj           ######       1%          2    None
 Throw Frost              Conj/Ice       ######       1%          2    None
 Iskenderun's Mystic Bla  Conj           ######..     1%          4    None
 Dazzling Spray           Conj/Hex       #####.       2%          3    None
 Force Lance              Conj/Tloc      ######..     3%          4    None
 Ozocubu's Armour         Chrm/Ice       ####....     4%          3    None
 Slow                     Hex            ###.....     8%          2    None
 Fulminant Prism          Conj/Hex       #####.....   9%          4    None
 Bolt of Magma            Conj/Fire/Erth #####.....   22%         5    ###....
 Iskenderun's Battlesphe  Conj/Chrm      #####...     26%         5    ###....
 Venom Bolt               Conj/Pois      #####.....   26%         5    ###....
 Iron Shot                Conj/Erth      #####.....   80%         6    #####..
 Orb of Destruction       Conj           ######....   83%         7    ######.
 Spellforged Servitor     Conj/Summ      ######....   95%         7    ######.


Dungeon Overview and Level Annotations

Branches:
Dungeon (13/15)            Temple (1/1) D:7            Lair (6/6) D:10
  Swamp (0/4) Lair:4        Snake (0/4) Lair:4        Slime (0/5) Lair:6
    Orc (1/2) D:11          Sewer (visited)
 Vaults: D:13-14

Altars:
Ashenzari
Cheibriados
Dithmenos
Elyvilon
Fedhas
Gozag
Hepliaklqana
Kikubaaqudgha
Makhleb
Nemelex Xobeh
Okawaru
Qazlal
Ru
Sif Muna
Trog
Uskayaw
Vehumet
Wu Jian
Xom
Yredelemnul
Zin
The Shining One
Beogh
Jiyva

Shops:
D:7 [   D:8 }   D:9 [?   D:10 ?[   D:11 (   D:12 =

Portals:
Trove: D:12 (give horn of Geryon)

Annotations:
D:5 3 runed translucent doors, oberejnoburuli's ghost, novice DDFi
D:12 Rupert
Lair:6 3 runed translucent doors


Innate Abilities, Weirdness & Mutations

You have a pair of large horns on your head.
You are partially covered in yellow scales. (AC +2)
Your flesh is heat resistant. (rF+)
You are powered by pain.


Message History

Your ice beast is killed!
The ogre misses you.
You riposte.
Your leather armour prevents you from hitting the ogre.
The sun demon hits you.
* * * LOW HITPOINT WARNING * * *
You are engulfed in flames.
You resist.
* * * LOW HITPOINT WARNING * * *
The orc closely misses you.
Your ice beast hits the orc sorcerer but does no damage.
The hellwing closely misses you.
The hellwing hits you but does no damage.
You climb upwards.
Welcome back to the Dungeon!
Your summoned ally is left behind.
There is a staircase to the Orcish Mines here.
Casting: Mephitic Cloud (safe; 1% risk of failure)
Confirm with . or Enter, or press ? or * to list all spells.
A chill wind blows around you. The orc closely misses you.
The ogre hits you with a +0 giant club!
You die...
Your body crumbles into a pile of gold.

#..# #..........#.### #..# #..#
###.......#.##.# #..#
##..##########......###..#####).#
.......<...##.......##...........
...)........##....###........)...
.####..#####.##8.8##.######..####
.# #..# #..##'##..# #..# # .#
#..# #..#oYO#..# #>.# # .# #..#
#..#.@.#..# #[[# # .####..#
#..#...#..# #.[# # .......#
#..#####..# #..# #
.......#####.........######..# #
.####........................# #
.# #.........#####..........####
.# #..#####..# #..######...... .#
#..# #..# #..# #...... .# #..#
#..# #..# #..####


You could see an ogre, an orc and a friendly ice beast.

Vanquished Creatures
  Erica (D:8)
  3 death yaks (Lair:6)
  Nergalle (Lair:1)
  A lindwurm (Lair:6)
  Pikel (D:6)
  2 ugly things
  Maurice (D:9)
  4 elephants
  2 centaur zombies (D:13)
  A black mamba (Lair:5)
  4 gargoyles
  A molten gargoyle (Lair:6)
  7 spiny frogs
  3 rime drakes
  4 kobold demonologists (D:13)
  5 komodo dragons
  2 trolls
  A polar bear (Lair:6)
  Prince Ribbit (D:9)
  5 blink frogs
  2 dream sheep
  6 hippogriffs
  2 shadows
  2 wyverns
  6 yaks
  3 hungry ghosts
  Grum (D:9)
  4 vampire mosquitoes (D:13)
  A naga (Lair:4)
  A hell hound (Lair:6)
  5 water moccasins
  6 porcupines
  A floating eye (D:10)
  4 orc warriors
  4 slaves (D:6)
  5 sky beasts
  2 phantoms
  4 ice beasts
  11 ogres
  A necrophage (D:12)
  9 wolves
  6 crocodiles
  A centaur (D:7)
  5 big kobolds
  12 bullfrogs
  A water moccasin zombie (D:7)
  3 jellies
  3 scorpions
  3 killer bees (D:9)
  3 electric eels (Lair:6)
  6 howler monkeys
  5 crimson imps
  2 lava snakes (Lair:6)
  2 bullfrog zombies
  2 quasits
  12 hounds
  2 centaur skeletons (D:11)
  11 orc wizards
  A bullfrog skeleton (D:5)
  5 orc priests
  Natasha (thrice) (D:2)
  An iguana (D:4)
  8 worker ants
  A hound zombie (D:8)
  12 adders
  2 shadow imps
  An ooze (D:1)
  An adder zombie (D:6)
  An adder skeleton (D:4)
  2 worms
  5 leopard geckos
  52 orcs
  9 giant cockroaches
  A goblin (D:2)
  7 hobgoblins
  22 jackals
  2 quokkas
  5 ball pythons
  5 bats
  4 frilled lizards
  2 jackal skeletons
  34 kobolds
  A leopard gecko zombie (D:7)
  A quokka skeleton (D:8)
  7 rats
  2 fungi
  4 plants
410 creatures vanquished.

Vanquished Creatures (collateral kills)
  4 hydras
  2 death yaks (Lair:6)
  An orc high priest (Orc:1)
  6 elephants
  5 black mambas
  A molten gargoyle (Lair:6)
  9 spiny frogs
  2 rime drakes
  9 komodo dragons
  A troll (Orc:1)
  4 blink frogs
  4 hippogriffs
  8 dream sheep
  3 wyverns (Lair:6)
  6 basilisks
  8 yaks
  2 nagas (Lair:4)
  A steam dragon (Lair:6)
  4 hell hounds (Lair:6)
  2 porcupines (Lair:4)
  6 water moccasins
  6 wolves
  5 crocodiles
  6 bullfrogs
  An electric eel (Lair:6)
  2 lava snakes (Lair:6)
  An orc wizard (Orc:1)
  3 orcs (Orc:1)
  A bush (Lair:6)
  A fungus (Lair:6)
  3 plants
117 creatures vanquished.

Vanquished Creatures (others)
  A killer bee (D:9)
  8 fungi (Lair:6)
  34 plants
43 creatures vanquished.

Grand Total: 570 creatures vanquished

Notes
Turn   | Place    | Note
-------+----------+-------------------------------------------
     0 | D:1      | Chiseanne the Demonspawn Wizard began the quest for the
                  | Orb.
     0 | D:1      | Reached XP level 1. HP: 13/13 MP: 4/4
   505 | D:1      | Gained mutation: Your flesh is heat resistant. (rF+)
                  | [demonic ancestry]
   505 | D:1      | Reached XP level 2. HP: 19/19 MP: 3/6
  1446 | D:2      | Reached XP level 3. HP: 25/25 MP: 2/7
  1465 | D:2      | Reached skill level 1 in Fighting
  1535 | D:2      | Noticed Natasha
  1810 | D:3      | Learned a level 2 spell: Blink
  1814 | D:3      | Learned a level 3 spell: Conjure Flame
  1818 | D:3      | Learned a level 3 spell: Mephitic Cloud
  1977 | D:3      | Found a stormy altar of Qazlal.
  2251 | D:3      | Found a sacrificial altar of Ru.
  2753 | D:2      | Killed Natasha
  2753 | D:2      | Reached skill level 1 in Air Magic
  2753 | D:2      | Gained mutation: You have a pair of small horns on your
                  | head. [demonic ancestry]
  2753 | D:2      | Reached XP level 4. HP: 13/32 MP: 0/9
  2963 | D:2      | Noticed Natasha
  2972 | D:2      | Killed Natasha
  3219 | D:2      | Noticed Natasha
  3232 | D:2      | Killed Natasha
  3232 | D:2      | Reached skill level 4 in Spellcasting
  3635 | D:4      | Gained mutation: You sometimes gain a little power by
                  | taking damage. [demonic ancestry]
  3635 | D:4      | Reached XP level 5. HP: 37/37 MP: 6/11
  3715 | D:4      | Noticed an ogre
  4176 | D:4      | Found a glowing drain.
  4192 | Sewer    | Entered a sewer
  5176 | D:4      | Gained mutation: You have a pair of horns on your head.
                  | [demonic ancestry]
  5176 | D:4      | Reached XP level 6. HP: 33/43 MP: 0/12
  5784 | D:4      | Found a sparkling altar of Nemelex Xobeh.
  5786 | D:4      | Found a snail-covered altar of Cheibriados.
  6219 | D:4      | Reached XP level 7. HP: 48/48 MP: 2/14
  6624 | D:5      | Entered Level 5 of the Dungeon
  6635 | D:5      | Reached skill level 5 in Spellcasting
  7636 | D:5      | Found a runed translucent gate.
  7638 | D:5      | Found a runed translucent gate.
  7639 | D:5      | Found a runed translucent gate.
  7639 | D:5      | Noticed oberejnoburuli's ghost (novice DDFi)
  7641 | D:5      | Identified the +1 mace "Cyfur" {drain, rN+ Stlth+}
  7641 | D:5      | Identified the +1 ring mail of Hiryshr Esae {-Tele rC+ MR+
                  | Str+2}
  7642 | D:5      | Found a roughly hewn altar of Beogh.
  7653 | D:5      | Found Beugiliu's Antique Armour Emporium.
  7957 | D:6      | Noticed Pikel
  8094 | D:6      | Killed Pikel
  8094 | D:6      | Reached skill level 5 in Conjurations
  8094 | D:6      | Gained mutation: You are partially covered in yellow
                  | scales. (AC +2) [demonic ancestry]
  8094 | D:6      | Reached XP level 8. HP: 53/54 MP: 8/16
  8224 | D:6      | Found a shimmering altar of Xom.
  8224 | D:6      | Found a shimmering altar of Xom.
  8233 | D:6      | Found a shimmering altar of Xom.
  8233 | D:6      | Found a shimmering altar of Xom.
  8233 | D:6      | Found a shimmering altar of Xom.
  8234 | D:6      | Found a shimmering altar of Xom.
  8239 | D:6      | Reached skill level 6 in Spellcasting
  8336 | D:6      | Found a sacrificial altar of Ru.
  8986 | D:6      | Found a shimmering altar of Xom.
  9110 | D:6      | Reached skill level 5 in Air Magic
  9425 | D:7      | Reached skill level 1 in Fire Magic
 10044 | D:7      | Found a staircase to the Ecumenical Temple.
 10073 | D:7      | Reached XP level 9. HP: 56/59 MP: 7/19
 10177 | D:7      | Found Aklol's Armour Shop.
 10180 | D:7      | Bought a +1 pair of gloves for 161 gold pieces
 10210 | Temple   | Entered the Ecumenical Temple
 10340 | Temple   | Became a worshipper of Gozag Ym Sagoz the Greedy
 10998 | D:8      | Reached skill level 7 in Spellcasting
 10999 | D:8      | Noticed a purple ugly thing
 11024 | D:8      | Killed a purple ugly thing
 11136 | D:8      | Noticed Erica
 11144 | D:8      | Killed Erica
 11781 | D:8      | Gained mutation: You sometimes gain power by taking damage.
                  | [demonic ancestry]
 11781 | D:8      | Reached XP level 10. HP: 64/65 MP: 6/21
 11882 | D:8      | Found Danloh's Gadget Boutique.
 12602 | D:9      | Learned a level 4 spell: Throw Icicle
 12674 | D:9      | Noticed Maurice
 12691 | D:9      | Killed Maurice
 12691 | D:9      | Reached skill level 8 in Spellcasting
 12691 | D:9      | Reached skill level 1 in Translocations
 12691 | D:9      | Reached skill level 1 in Ice Magic
 13080 | D:9      | Reached skill level 5 in Fire Magic
 13679 | D:9      | Noticed Prince Ribbit
 13693 | D:9      | Killed Prince Ribbit
 13991 | D:9      | Identified a scroll of acquirement
 14050 | D:9      | Noticed Grum
 14303 | D:9      | Killed Grum
 14620 | D:10     | Entered Level 10 of the Dungeon
 14864 | D:9      | Bought a scroll of enchant armour for 120 gold pieces
 14864 | D:9      | Bought a scroll of fog for 32 gold pieces
 14864 | D:9      | Bought a scroll of enchant armour for 120 gold pieces
 14864 | D:9      | Bought a scroll of amnesia for 56 gold pieces
 14864 | D:9      | Bought a scroll of identify for 32 gold pieces
 14864 | D:9      | Bought a scroll of identify for 32 gold pieces
 14868 | D:9      | Bought a runed buckler for 217 gold pieces
 14868 | D:9      | Bought a pair of twisted gloves for 275 gold pieces
 14874 | D:9      | Identified the cursed +0 pair of gloves of Music {rPois
                  | Regen+ rCorr Int+3} (You bought it in a shop on level 9 of
                  | the Dungeon)
 14889 | D:9      | Bought the +3 crown of Dyrovepreva {rElec Int+2 SInv} for
                  | 1200 gold pieces
 14889 | D:9      | Found the +3 crown of Dyrovepreva {rElec Int+2 SInv}
 14906 | D:10     | Noticed Harold
 14913 | D:10     | Noticed Harold
 14913 | D:10     | Harold changed into Harold the floating eye
 14917 | D:10     | Killed Harold the floating eye
 14917 | D:10     | Reached skill level 1 in Shields
 15052 | D:10     | Noticed Urug
 15057 | D:10     | Noticed Urug
 15057 | D:10     | Urug changed into Urug the komodo dragon
 15064 | D:10     | Killed Urug the komodo dragon
 15106 | D:10     | Noticed a gargoyle
 15111 | D:10     | Killed a gargoyle
 15111 | D:10     | Gained mutation: You have a pair of large horns on your
                  | head. [demonic ancestry]
 15111 | D:10     | Reached XP level 11. HP: 49/70 MP: 20/23
 15209 | D:10     | Found a staircase to the Lair.
 15684 | D:10     | Reached skill level 9 in Spellcasting
 15968 | D:11     | Noticed a two-headed ogre
 16097 | D:11     | a two-headed ogre changed into a dream sheep
 16596 | D:11     | Found Pocipni's Antique Weapon Shoppe.
 17029 | D:11     | Found a staircase to the Orcish Mines.
 17316 | D:12     | Bought a cursed +1 ring of protection for 32 gold pieces
 17316 | D:12     | Bought a cursed amulet of inaccuracy for 32 gold pieces
 17316 | D:12     | Bought a +1 ring of evasion for 48 gold pieces
 17539 | D:12     | Noticed Rupert
 18095 | D:13     | Reached skill level 5 in Translocations
 18097 | D:13     | Reached skill level 5 in Ice Magic
 18525 | D:13     | Noticed a phantasmal warrior
 18526 | D:13     | Noticed a purple ugly thing
 18527 | D:13     | Noticed a deep elf mage
 18606 | D:13     | Reached skill level 10 in Spellcasting
 18703 | D:12     | Found a portal to a secret trove of treasure.
 18953 | D:12     | Paralysed by Rupert for 5 turns
 19299 | D:13     | Noticed a green ugly thing
 19318 | D:13     | Killed a green ugly thing
 19574 | D:13     | Identified the +9 rapier "Rastrej" {drain, rElec rPois rC+}
 19724 | Lair:1   | Entered Level 1 of the Lair of Beasts
 19751 | Lair:1   | Reached XP level 12. HP: 61/82 MP: 6/26
 19800 | Lair:1   | Learned a level 4 spell: Summon Ice Beast
 20312 | Lair:1   | Noticed Nergalle
 20322 | Lair:1   | Killed Nergalle
 21651 | Lair:3   | Reached skill level 5 in Summonings
 21756 | Lair:3   | Reached skill level 1 in Armour
 21780 | Lair:3   | Reached skill level 5 in Fighting
 22509 | Lair:4   | Noticed an eight-headed hydra
 22520 | Lair:4   | Killed an eight-headed hydra
 22520 | Lair:4   | Reached skill level 5 in Dodging
 22607 | Lair:4   | Found a staircase to the Snake Pit.
 23194 | Lair:4   | Found a staircase to the Swamp.
 23468 | Lair:5   | Reached skill level 5 in Shields
 23756 | Lair:5   | Reached skill level 11 in Spellcasting
 24254 | Lair:6   | Entered Level 6 of the Lair of Beasts
 24290 | Lair:6   | Gained mutation: You are powered by pain. [demonic
                  | ancestry]
 24290 | Lair:6   | Reached XP level 13. HP: 92/92 MP: 1/28
 24629 | Lair:6   | Found a runed translucent door.
 24629 | Lair:6   | Found a viscous altar of Jiyva.
 24629 | Lair:6   | Found a staircase to the Slime Pits.
 24629 | Lair:6   | Noticed an acid blob
 24629 | Lair:6   | Noticed an acid blob
 24629 | Lair:6   | Noticed an acid blob
 24883 | Lair:6   | HP: 2/94 [three-headed hydra (9)]
 26346 | Lair:6   | Reached skill level 5 in Armour
 26399 | Lair:6   | Found a large runed translucent door.
 26400 | Lair:6   | Found a large runed translucent door.
 26423 | Lair:6   | Noticed a fire dragon
 26816 | D:10     | Bought a scroll of magic mapping for 66 gold pieces
 26816 | D:10     | Bought a scroll of identify for 38 gold pieces
 26816 | D:10     | Bought a scroll of teleportation for 57 gold pieces
 26816 | D:10     | Bought a scroll of amnesia for 66 gold pieces
 26816 | D:10     | Bought a scroll of identify for 38 gold pieces
 26816 | D:10     | Bought a scroll of identify for 38 gold pieces
 26816 | D:10     | Bought a scroll of teleportation for 57 gold pieces
 26816 | D:10     | Bought a scroll of immolation for 66 gold pieces
 26859 | Orc:1    | Entered Level 1 of the Orcish Mines
 26888 | Orc:1    | HP: 4/95 [sun demon[an orc sorcerer] (4)]
 26890 | D:11     | Mangled by an ogre

Levels and vault maps discovered:
D:1:      grunt_arrival_lava_bath, layout_loops_ring, corexii_hall_statues_i
D:2:      layout_loops_ring, first_ration,
          wander_ebering_terrifying_dragon_lair, uniq_natasha
D:3:      layout_loops_ring, nicolae_qazlal_general_emergency,
          nicolae_ru_path_of_blood
D:4:      layout_loops_ring, chequers_temple_overflow_statue_of_worship,
          portal_sewer_entry_f, enter_ossuary_3, st_stairs_6
D:5:      layout_cave_pools, biasface_ghost_orc_armoury, serial_shops,
          shop_coins
D:6:      layout_basic, marbit_many_paths, xom_redecorated, uniq_pikel
D:7:      layout_loops_corners, minmay_temple_entry_junction, serial_shops, shop
D:8:      layout_gridville, serial_shops, shop, uniq_erica
D:9:      layout_cave_pods, uniq_maurice, uniq_prince_ribbit1, uniq_grum
D:10:     layout_long_grid, lair_entry_dummy, uniq_harold, uniq_urug
D:11:     layout_small_grid, hiddenorc1_lemuel, serial_shops, shop
D:12:     layout_long_grid, enter_trove_1, grunt_ogre_cave, drop_trap,
          uniq_rupert
D:13:     layout_irregular_city, david_vaults_2, serial_shops, shop_scrolls,
          onia_ninara_dug_in_and_dangerous
Temple:   minmay_crystal_spiral_temple
Lair:1:   layout_regular_city, grunt_megastairs_3, uniq_nergalle
Lair:2:   layout_chaotic_city
Lair:3:   layout_loops_ring, hibernation_bobbens
Lair:4:   layout_hall_layers, minmay_swamp_entry_worms,
          guppyfry_snake_entry_island
Lair:5:   layout_loops_ring
Lair:6:   cheibrodos_lair_end_hotspot, layout_small_grid, slime_altar_2,
          serial_bayou, serial_bayou_lake_a, serial_bayou_shore_b,
          serial_bayou_pond_b, serial_bayou_pond_e
Orc:1:    layout_caves, serial_shops, nicolae_shop_waterfront, shop, shop_coins,
          shop

Skill      XL: |  1  2  3  4  5  6  7  8  9 10 11 12 13 |
---------------+----------------------------------------+-----
Conjurations   | 2 3 4 5 6 7 8 |  8.0
Fighting       | 1 4 6 7 |  7.5
Air Magic      | 1 2 3 4 5 6 |  6.9
Spellcasting   | 4 5 6 7 8 10 11 | 11.6
Fire Magic     | 2 4 5 |  5.0
Translocations | 4 5 |  5.0
Ice Magic      | 3 5 |  5.0
Shields        | 3 4 5 6 |  6.7
Dodging        | 4 5 7 |  7.0
Summonings     | 5 |  5.0
Armour         | 3 5 |  5.0
Stealth        | |  1.7

Action                   |  1- 3 |  4- 6 |  7- 9 | 10-12 | 13-15 || total
-------------------------+-------+-------+-------+-------+-------++-------
Melee: Unarmed           |     4 |       |       |       |       ||     4
       Short sword       |    17 |       |       |       |       ||    17
       Club              |     1 |    80 |    14 |       |       ||    95
       Headbutt          |       |    15 |    12 |    59 |    34 ||   120
       Whip              |       |       |    34 |   104 |       ||   138
       Scimitar          |       |       |       |   270 |   146 ||   416
Throw: Boomerang         |       |       |       |     1 |       ||     1
       Throwing net      |       |       |       |     1 |       ||     1
 Cast: Magic Dart        |    92 |   147 |   234 |   490 |     9 ||   972
       Mephitic Cloud    |     1 |     6 |    16 |   122 |    32 ||   177
       Blink             |       |     2 |     8 |    11 |       ||    21
       Conjure Flame     |       |     1 |    15 |    34 |     5 ||    55
       Throw Icicle      |       |       |       |    23 |     8 ||    31
       Summon Ice Beast  |       |       |       |    82 |   105 ||   187
Invok: Call Merchant     |       |       |       |     3 |     2 ||     5
Evoke: Wand              |       |       |    15 |    41 |     1 ||    57
  Use: Scroll            |    13 |     3 |     7 |    16 |     3 ||    42
       Potion            |     2 |     1 |       |     4 |       ||     7
 Stab: Confused          |       |     2 |     1 |    22 |     7 ||    32
       Sleeping          |       |       |     1 |       |     1 ||     2
       Paralysed         |       |       |       |    10 |       ||    10
       Invisible         |       |       |       |     4 |       ||     4
       Distracted        |       |       |       |       |     2 ||     2
  Eat: Chunk             |     5 |     9 |    10 |       |       ||    24
       Ration            |       |     1 |     3 |    15 |     2 ||    21
Armor: Robe              |    10 |    16 |       |       |       ||    26
       Leather armour    |       |     1 |    24 |   177 |    44 ||   246
Dodge: Dodged            |    22 |    63 |    50 |   297 |   102 ||   534
Block: Buckler           |       |       |       |   165 |    61 ||   226
       Rpst.: Scimitar   |       |       |       |    55 |    20 ||    75
